cohdb
Replays
Latest Replays
All Replays
Popular Replays
Top Player Replays
Match Explorer
How It Works
Community
CoH3 Stats
Reddit
Sign in to upload your games and track your stats! →
Sign in with Steam
Match 43976281
Unlisted
Match 43976281
Overview
Messages
Build Orders
End
Construct Section Command Post
Selects Australian Defense Battlegroup
Selects Australian Light Infantry Section
Australian Light Infantry Section
Vickers Machine Gun Team
Australian Light Infantry Section
Construct Section Command Post
Construct Platoon Command Post
Unlock M3 Stuart Light Tanks
Selects CMP 15cwt Supply Run
CMP 15cwt Supply Run
M3 Stuart Light Tank
Australian Light Infantry Section
Frankenfreund
TidaL
FluffyNyan
Luka1
SpaceTed
Viperrexe
0
0
Comments
sign in to comment!
No comments posted yet!